 Dungeon Crawl Stone Soup version 0.27.0-1-g7a089689b8 (webtiles) character file.

Game seed: 12699690773493938691

1652 dolemite99 the Digger (level 8, -4/52 HPs)
             Began as a Vampire Venom Mage on Aug 9, 2021.
             Was a Priest of Fedhas.
             Slain by a gargoyle (6 damage)
             ... on level 6 of the Dungeon.
             The game lasted 00:14:41 (7092 turns).

dolemite99 the Digger (Vampire Venom Mage)          Turns: 7092, Time: 00:14:42

Health: -4/52      AC:  7    Str:  8    XL:     8   Next: 68%
Magic:  0/11       EV: 13    Int: 21    God:    Fedhas [***...]
Gold:   197        SH:  0    Dex: 21    Spells: 3/11 levels left

rFire    . . .     SeeInvis +   p - +2 quarterstaff (chaos)
rCold    . . .     Faith    .   (shield currently unavailable)
rNeg     . . .     Spirit   .   h - +0 robe
rPois    .         Reflect  .   k - +1 helmet {Int+3}
rElec    .         Harm     .   w - +0 cloak
rCorr    .         Rampage  .   (no gloves)
Will     .....                  (no boots)
Stlth    +++.......             (no amulet)
HPRegen  0.37/turn              g - +6 ring of dexterity
MPRegen  0.12/turn              (no ring)

@: unable to read, healing quickly
A: alive, fangs 3, see invisible, vampiric 2, talons 1, iridescent scales 1,
inability to read while threatened
a: Exsanguinate, Renounce Religion, Wall of Briars, Grow Ballistomycete


You were on level 6 of the Dungeon.
You worshipped Fedhas.
Fedhas was most pleased with you.
You visited 1 branch of the dungeon, and saw 6 of its levels.

You collected 197 gold pieces.

Inventory:

Hand Weapons
 a - a +1 dagger of venom
 d - a +0 dagger
 l - a +2 vampiric dagger
 p - a +2 quarterstaff of chaos (weapon)
 r - a +0 trident
 C - a +2 falchion
Missiles
 f - 70 stones
 u - 5 atropa-tipped darts (quivered)
 v - 13 poisoned darts
 y - 15 sling bullets
Armour
 h - a +0 robe (worn)
 k - a +1 helmet of intelligence (worn)
 w - a +0 cloak (worn)
Jewellery
 g - a +6 ring of dexterity (left hand)
 i - a +6 ring of intelligence
Scrolls
 b - a scroll of fear {unknown}
 c - a scroll of teleportation {unknown}
 e - a scroll of noise {unknown}
 j - 2 scrolls of amnesia
 n - 3 scrolls of fog {unknown}
 o - a scroll of enchant armour {unknown}
 t - a scroll of silence {unknown}
 B - a scroll of acquirement {unknown}
 D - a scroll of vulnerability
Potions
 q - 2 potions of degeneration
 x - 2 potions of haste {unknown}
 z - a potion of might {unknown}
 A - a potion of resistance


   Skills:
 - Level 2.1 Dodging
 - Level 3.0 Stealth
 - Level 2.0 Spellcasting
 - Level 5.2 Transmutations
 + Level 7.8 Earth Magic
 - Level 4.4 Poison Magic
 - Level 4.1 Invocations


You had 3 spell levels left.
You knew the following spells:

 Your Spells              Type           Power      Damage    Failure   Level
a - Sting                 Tmut/Pois      88%        1d7       1%          1
b - Sandblast             Erth           70%        2d15      1%          1
c - Olgreb's Toxic Radia  Pois           20%        N/A       24%         4
d - Poisonous Vapours     Pois/Air       22%        N/A       9%          2

Your spell library contained the following spells:

 Spells                   Type           Power      Damage    Failure   Level
 Beastly Appendage        Tmut           46%        N/A       1%          1
 Passwall                 Tmut/Erth      24%        N/A       1%          2
 Wereblood                Tmut           23%        N/A       2%          2
 Spider Form              Tmut/Pois      11%        N/A       6%          3
 Foxfire                  Conj/Fire      8%         2x1d4     14%         1
 Corpse Rot               Necr/Air       N/A        N/A       22%         2
 Static Discharge         Conj/Air       2%         N/A       22%         2
 Mephitic Cloud           Conj/Pois/Air  8%         N/A       24%         3
 Conjure Flame            Conj/Fire      2%         6-21      41%         3
 Inner Flame              Hex/Fire       2%         N/A       41%         3
 Lee's Rapid Deconstruct  Erth           17%        3d12*     16%         5
 Dispel Undead            Necr           2%         3d7       82%         4
 Sticky Flame             Conj/Fire      2%         2d3       82%         4
 Freezing Cloud           Conj/Ice/Air   1%         6-21      99%         5
 Conjure Ball Lightning   Conj/Air       1%         3x3d6     100%        6
 Discord                  Hex            1%         N/A       100%        8
 Disjunction              Tloc           1%         N/A       100%        8


Dungeon Overview and Level Annotations

Branches:
Dungeon (6/15)             Temple (0/1) D:6

Altars:
Fedhas

Shops:
D:4 :


Innate Abilities, Weirdness & Mutations

Your natural rate of healing is accelerated.
You have razor-sharp teeth.
You have supernaturally acute eyesight. (SInv)
You are afflicted with vampirism and can become a bat while bloodless.
You have sharp toenails.
You are partially covered in iridescent scales. (AC +2)
You sometimes lose the ability to read scrolls when taking damage.


Message History

The gargoyle misses you.
You aren't carrying any items that you can evoke without wielding.
Unknown command.
You are already wielding that!
You barely miss the gargoyle.
The gargoyle is severely damaged.
The gargoyle hurls a stone arrow at you.
The stone arrow hits you!
The gargoyle hurls a stone arrow at you.
The stone arrow misses you.
You hit the gargoyle but do no damage.
You claw the gargoyle, but do no damage.
The gargoyle is severely damaged.
The gargoyle closely misses you.
You hit the gargoyle but do no damage.
You bite the gargoyle, but do no damage.
The gargoyle is severely damaged.
The gargoyle hurls a stone arrow at you.
The stone arrow misses you.
Casting: Sandblast (safe; 1% risk of failure)
Confirm with . or Enter, or press ? or * to list all spells.
Aiming: Sandblast (safe; 1% risk of failure)
Press: ? - help, Shift-Dir - straight line, f/p - gargoyle
Aim: a gargoyle, wielding a +0 morningstar (severely damaged, 91% to hit)
The blast of sand hits the gargoyle but does no damage.
The gargoyle is severely damaged.
f - 70 stones The gargoyle hits you with a +0 morningstar.
You hit the gargoyle but do no damage. Your kick misses the gargoyle.
You bite the gargoyle, but do no damage.
The gargoyle is severely damaged.
The gargoyle closely misses you.
The gargoyle hurls a stone arrow at you.
The stone arrow hits you!
* * * LOW HITPOINT WARNING * * *
You hit the gargoyle but do no damage. Your kick misses the gargoyle.
The gargoyle is severely damaged.
The gargoyle hits you with a +0 morningstar.
You die...
Fedhas appreciates your contribution to the ecosystem.

*,* #.#######.# *.#* #.* *,,, ,,*
#......##.####.# #.* *,,, ,,*
######....#....# #.#* **** ,,*
##..†...##* #..##### ## ,,*
##.#.#.9## *#.....# #.
,.##########(..##PP# ##.[..# #.
*...........P#####.# #....###.
,........###.#####.######....#...
,.....##.†.....)@9....[.....<†...
*...#**###.########...###.....)..
*..,,,***#)# ###.###....#...
*#*,,,,,,..# #...######...
*,,,,,...# ###.....##.÷#
*,,,,9...# #####..#..#
*,,,.....#*** ##....#
***###....,,** ##..## #...#*,,*
##...


You could see a gargoyle.

Vanquished Creatures
  A water moccasin (D:6)
  A sky beast (D:5)
  A black bear (D:4)
  An ice beast (D:5)
  3 ogres
  A necrophage (D:6)
  A scorpion (D:4)
  A bullfrog (D:6)
  A wyvern skeleton (D:5)
  A water moccasin skeleton (D:4)
  4 wights
  A howler monkey (D:6)
  A bullfrog zombie (D:5)
  A jelly (D:6)
  A hound (D:6)
  Crazy Yiuf (D:4)
  An iguana (D:4)
  3 orc wizards (D:5)
  4 gnolls (D:2)
  9 adders
  An ufetubus (D:5)
  2 worms
  2 dart slugs
  12 orcs
  7 ball pythons
  7 endoplasms
  A giant cockroach (D:3)
  9 goblins
  4 hobgoblins
  4 jackals (D:3)
  5 kobolds
  3 quokkas
  6 bats
  3 frilled lizards (D:1)
  2 rats
106 creatures vanquished.

Vanquished Creatures (collateral kills)
  A scorpion (D:5)
  2 wights (D:5)
  4 ballistomycete spores
7 creatures vanquished.

Vanquished Creatures (others)
  3 plants (D:1)
3 creatures vanquished.

Grand Total: 116 creatures vanquished

Notes
Turn   | Place    | Note
-------+----------+-------------------------------------------
     0 | D:1      | dolemite99 the Vampire Venom Mage began the quest for the
                  | Orb.
     0 | D:1      | Reached XP level 1. HP: 13/13 MP: 3/3
   248 | D:1      | Reached XP level 2. HP: 16/19 MP: 0/5
  1456 | D:2      | Gained mutation: You are afflicted with vampirism and can
                  | become a bat while bloodless. [Vampire growth]
  1456 | D:2      | Reached XP level 3. HP: 18/24 MP: 2/6
  1502 | D:2      | Found a faded altar of an unknown god.
  1510 | D:2      | Became a worshipper of Fedhas Madash
  1510 | D:2      | Reached * piety under Fedhas
  2181 | D:2      | Reached XP level 4. HP: 30/30 MP: 2/7
  2845 | D:3      | Reached ** piety under Fedhas
  3162 | D:3      | Reached XP level 5. HP: 35/35 MP: 1/8
  3276 | D:3      | Reached skill level 5 in Transmutations
  3587 | D:4      | Noticed a black bear
  3599 | D:4      | Killed a black bear
  3950 | D:4      | Learned a level 2 spell: Poisonous Vapours
  3955 | D:4      | Learned a level 4 spell: Olgreb's Toxic Radiance
  3980 | D:4      | Noticed an ogre
  3984 | D:4      | Killed an ogre
  3985 | D:4      | Reached skill level 1 in Invocations
  3985 | D:4      | Reached XP level 6. HP: 41/41 MP: 9/9
  4343 | D:4      | Found Xihah's Book Shoppe.
  4392 | D:4      | HP: 2/41 [water moccasin skeleton (7)]
  4397 | D:4      | Gained mutation: You have sharp toenails. [potion of
                  | mutation]
  4397 | D:4      | Gained mutation: You are partially covered in iridescent
                  | scales. (AC +2) [potion of mutation]
  4397 | D:4      | Gained mutation: You sometimes lose the ability to read
                  | scrolls when taking damage. [potion of mutation]
  4401 | D:4      | Reached XP level 7. HP: 28/46 MP: 10/10
  4830 | D:4      | Found a runed translucent door.
  4831 | D:4      | Noticed Crazy Yiuf
  4843 | D:4      | Killed Crazy Yiuf
  4843 | D:4      | Reached *** piety under Fedhas
  5034 | D:4      | Learned a level 1 spell: Sandblast
  5053 | D:5      | Entered Level 5 of the Dungeon
  5151 | D:5      | Reached skill level 1 in Earth Magic
  5632 | D:5      | Reached skill level 2 in Earth Magic
  5807 | D:5      | Reached skill level 3 in Earth Magic
  5919 | D:5      | Reached skill level 4 in Earth Magic
  6345 | D:5      | Reached XP level 8. HP: 52/52 MP: 11/11
  6383 | D:5      | Reached skill level 5 in Earth Magic
  6693 | D:6      | Reached skill level 6 in Earth Magic
  6902 | D:6      | Reached skill level 7 in Earth Magic
  7048 | D:6      | Noticed a gargoyle
  7091 | D:6      | HP: 1/52 [gargoyle/stone arrow (16)]
  7092 | D:6      | Slain by a gargoyle

Illustrated notes

Levels and vault maps discovered:
D:1:      giann_forest_graveyard, layout_basic, serial_forest,
          infiniplex_forest_split, infiniplex_forest_clump_cross,
          infiniplex_forest_clump_small, infiniplex_forest_clump_small,
          infiniplex_forest_straight_4, infiniplex_forest_end_1
D:2:      layout_basic, basic_ecumenical_altar
D:3:      layout_basic
D:4:      layout_loops_ring, serial_shops, kennysheep_mini,
          uniq_crazy_yiuf_cottage
D:5:      layout_basic
D:6:      layout_rooms, minmay_temple_entry_junction

Skill      XL: |  1  2  3  4  5  6  7  8 |
---------------+-------------------------+-----
Transmutations | 2 3 4 5 |  5.2
Poison Magic   | 3 4 |  4.4
Invocations    | 1 3 4 |  4.1
Earth Magic    | 4 7 |  7.8
Dodging        | |  2.1
Stealth        | |  3.0
Spellcasting   | |  2.0

Action                   |  1- 3 |  4- 6 |  7- 9 || total
-------------------------+-------+-------+-------++-------
Melee: Dagger            |    66 |    19 |       ||    85
       Bite              |    10 |     5 |     6 ||    21
       Trident           |       |    11 |       ||    11
       Kick              |       |     1 |     8 ||     9
       Quarterstaff      |       |       |    42 ||    42
Throw: Dart              |       |       |    23 ||    23
 Cast: Sting             |    77 |    78 |    51 ||   206
       Sandblast         |       |       |    50 ||    50
       Poisonous Vapours |       |       |     1 ||     1
Invok: Wall of Briars    |       |       |     2 ||     2
       Grow Ballistomyce |       |       |     2 ||     2
 Abil: Exsanguinate      |       |     1 |       ||     1
Evoke: Wand              |       |     4 |       ||     4
  Use: Potion            |       |     3 |     3 ||     6
       Scroll            |       |       |     5 ||     5
 Stab: Sleeping          |     1 |     1 |       ||     2
Armor: Robe              |     8 |    22 |    19 ||    49
Dodge: Dodged            |    31 |    47 |    71 ||   149
